 Dungeon Crawl Stone Soup version 0.27-a0-423-gf312af23e9 (webtiles) character file.

Game seed: 3196692401405230113

727 jasper the Covert (level 7, -2/32 HPs)
             Began as a Spriggan Enchanter on Feb 26, 2021.
             Was an Initiate of Ashenzari.
             Slain by a centaur
             ... wielding a +0 dagger
              (8 damage)
             ... on level 6 of the Dungeon.
             The game lasted 00:09:10 (6667 turns).

jasper the Covert (Spriggan Enchanter)              Turns: 6667, Time: 00:09:10

Health: -2/32      AC:  2    Str:  4    XL:     7   Next: 44%
Magic:  1/12       EV: 18    Int: 18    God:    Ashenzari [......]
Gold:   243        SH:  5    Dex: 16    Spells: 5/11 levels left

rFire    . . .     SeeInvis +   a - +1 dagger (curse)
rCold    . . .     Faith    .   (shield restricted)
rNeg     . . .     Spirit   .   b - +0 robe
rPois    .         Reflect  +   (helmet restricted)
rElec    .         Harm     .   (no cloak)
rCorr    .         Rampage  .   (gloves unavailable)
Will     +....                  (boots unavailable)
Stlth    ++++......             c - amulet of reflection (curse)
HPRegen  0.10/turn              t - ring of wizardry (curse)
MPRegen  0.13/turn              (no ring)

@: very quick
A: very small, unfitting armour, see invisible, speed 3
a: Renounce Religion, Curse Item


You were on level 6 of the Dungeon.
You worshipped Ashenzari.
Ashenzari was noncommittal.
You visited 2 branches of the dungeon, and saw 7 of its levels.

You collected 243 gold pieces.

Inventory:

Hand Weapons
 a - a cursed +1 dagger (weapon)
 p - a +2 dagger of freezing
 r - a +1 dagger of electrocution
Missiles
 o - 20 poisoned darts
Armour
 b - a +0 robe (worn)
Magical Staves
 m - a staff of conjuration
Jewellery
 c - a cursed amulet of reflection (around neck)
 t - a cursed ring of wizardry (left hand)
Wands
 s - a wand of charming (8)
 u - a wand of random effects (21)
Scrolls
 g - 2 scrolls of magic mapping
 h - a scroll of enchant armour
 i - a scroll of enchant weapon
 n - a scroll of immolation
 q - 3 scrolls of identify
Potions
 d - a potion of magic
 e - 2 potions of cancellation
 f - a potion of flight
 j - a potion of attraction
 k - a potion of curing
 l - a potion of degeneration


   Skills:
 + Level 7.8 Short Blades
 - Level 2.6 Dodging
 - Level 8.0 Stealth
 - Level 2.6 Spellcasting
 - Level 3.6 Hexes


You had 5 spell levels left.
You knew the following spells:

 Your Spells              Type           Power        Failure   Level
a - Corona                Hex            16%          1%          1
b - Ensorcelled Hibernat  Hex/Ice        16%          4%          2
c - Confusing Touch       Hex            15%          4%          3

Your spell library contained the following spells:

 Spells                   Type           Power        Failure   Level
 Tukima's Dance           Hex            15%          4%          3
 Dazzling Flash           Conj/Hex       16%          10%         3


Dungeon Overview and Level Annotations

Branches:
Dungeon (6/15)             Temple (1/1) D:4

Altars:
Ashenzari
Cheibriados
Elyvilon
Gozag
Kikubaaqudgha
Makhleb
Nemelex Xobeh
Okawaru
Qazlal
Ru
Sif Muna
Trog
Vehumet
Wu Jian
Yredelemnul
Zin
The Shining One


Innate Abilities, Weirdness & Mutations

You are very small and have problems with some larger weapons.
You are too small for most types of armour.
You have supernaturally acute eyesight. (SInv)
You cover ground extremely quickly.


Message History

Aiming: Ensorcelled Hibernation (safe; 4% risk of failure)
Press: ? - help, Shift-Dir - straight line, f/p - orc priest
Aim: an orc priest, wielding a +0 hand axe (chance to affect: 39%)
The orc priest resists with some effort.
Your surroundings suddenly seem different.
Found 14 gold pieces.
An ogre comes into view. It is wielding a +0 giant club.
You now have 1/12 mp.
You start resting.
A centaur is nearby!
You regained 2 hp, and now have 7/32 hp.
You regained 2 mp, and now have 3/12 mp.
You start resting.
A centaur is nearby!
You start resting.
A centaur is nearby!
You start resting.
A centaur is nearby!
Casting: Ensorcelled Hibernation (safe; 4% risk of failure)
Confirm with . or Enter, or press ? or * to list all spells.
Aiming: Ensorcelled Hibernation (safe; 4% risk of failure)
Press: ? - help, Shift-Dir - straight line, f - centaur
Aim: a centaur, wielding a +0 shortbow, wearing a ring of protection from fire and quivering arrows (wandering, hasn't noticed you, chance to affect: 39%)
The centaur shouts!
The centaur resists with some effort.
The centaur shoots an arrow.
The arrow closely misses you.
You now have 3/12 mp.
The centaur unwields a +0 shortbow.
The centaur wields a +0 dagger.
The centaur hits you with a +0 dagger.
* * * LOW HITPOINT WARNING * * *
You take 2 damage, and have 6/32 hp.
Casting: Ensorcelled Hibernation (safe; 4% risk of failure)
Confirm with . or Enter, or press ? or * to list all spells.
Aiming: Ensorcelled Hibernation (safe; 4% risk of failure)
Press: ? - help, Shift-Dir - straight line, f/p - centaur
Aim: a centaur, wielding a +0 dagger, wearing a ring of protection from fire and quivering arrows (chance to affect: 39%)
The centaur resists with some effort.
The centaur hits you but does no damage.
The centaur hits you with a +0 dagger!
You die...

#. #.# ##.##.########
####..$........O.
...............#
##.#......####.#
..........#
c..#.##.#.#
.#####.##c#.# #
........@...# .
.#####.###### # #.# #
#.# . #.# #
##.######### ###
#..........# ..# ?
#....#.#.#.###.#
...###....#.#.....#.#


You could see a centaur.

Vanquished Creatures
  A bullfrog (D:6)
  A howler monkey (D:4)
  2 hounds (D:4)
  2 orc priests
  2 bullfrog skeletons
  An iguana (D:4)
  8 orc wizards
  3 worker ants (D:5)
  A hound zombie (D:5)
  3 adders
  2 shadow imps
  3 worms
  2 dart slugs
  17 orcs
  2 bats
  2 giant cockroaches (D:1)
  2 goblins (D:1)
  5 hobgoblins
  12 jackals
  2 quokkas
  6 frilled lizards (D:1)
  A jackal zombie (D:6)
  6 kobolds
  A leopard gecko skeleton (D:5)
  A quokka zombie (D:5)
  3 rats
91 creatures vanquished.

Notes
Turn   | Place    | Note
-------+----------+-------------------------------------------
     0 | D:1      | jasper the Spriggan Enchanter began the quest for the Orb.
     0 | D:1      | Reached XP level 1. HP: 9/9 MP: 5/5
   168 | D:1      | Reached skill level 5 in Stealth
   342 | D:1      | Reached XP level 2. HP: 13/13 MP: 4/6
   345 | D:1      | Learned a level 2 spell: Ensorcelled Hibernation
   740 | D:1      | Reached skill level 6 in Stealth
  1115 | D:2      | Reached XP level 3. HP: 16/16 MP: 5/8
  1203 | D:2      | Learned a level 3 spell: Confusing Touch
  1834 | D:2      | Reached skill level 7 in Stealth
  1846 | D:2      | Found an opulent altar of Gozag.
  2379 | D:4      | Reached skill level 8 in Stealth
  2379 | D:4      | Reached XP level 4. HP: 21/21 MP: 4/9
  2875 | D:4      | Reached XP level 5. HP: 16/24 MP: 1/10
  3296 | D:4      | Found a staircase to the Ecumenical Temple.
  3330 | Temple   | Entered the Ecumenical Temple
  3458 | Temple   | Became a worshipper of Ashenzari the Shackled
  3598 | D:4      | Reached XP level 6. HP: 28/28 MP: 6/11
  3767 | D:4      | Reached skill level 5 in Short Blades
  4567 | D:4      | Found a snail-covered altar of Cheibriados.
  5192 | D:5      | Entered Level 5 of the Dungeon
  5526 | D:5      | Reached XP level 7. HP: 29/32 MP: 3/12
  6667 | D:6      | Slain by a centaur

Illustrated notes

Levels and vault maps discovered:
D:1:      scummos_arrival_forest, layout_loops_cross
D:2:      layout_basic, grunt_gozag_statues, kennysheep_cluttered_room,
          chequers_serial_rivers_micro_a, small_statue_intersection, nrook_uturn
D:3:      layout_loops_ring, chequers_serial_rivers_large_b, minmay_door_square,
          lemuel_tele_altar
D:4:      layout_basic, minmay_temple_entry_poolview, kennysheep_slug_shrine
D:5:      layout_rooms, fedhas_altar_fruit_tree
D:6:      layout_loops_ring, grunt_decor_cap, chequers_decorated_corner,
          minmay_shop_mayhem, uniq_crazy_yiuf_cottage
Temple:   lightli_temple_of_artemis

Skill      XL: |  1  2  3  4  5  6  7 |
---------------+----------------------+-----
Stealth        | 5 6 8 |  8.0
Short Blades   | 2 4 6 7 |  7.8
Dodging        | |  2.6
Spellcasting   | |  2.6
Hexes          | |  3.6

Action                   |  1- 3 |  4- 6 |  7- 9 || total
-------------------------+-------+-------+-------++-------
Melee: Dagger            |    91 |   137 |    81 ||   309
Throw: Dart              |       |     7 |       ||     7
 Cast: Corona            |     6 |       |       ||     6
       Ensorcelled Hiber |    27 |    52 |    16 ||    95
       Confusing Touch   |       |     2 |     8 ||    10
Invok: Curse Item        |       |     2 |     1 ||     3
  Use: Scroll            |       |     1 |     1 ||     2
       Potion            |       |     1 |       ||     1
 Stab: Sleeping          |    21 |    28 |     9 ||    58
       Confused          |       |     3 |     7 ||    10
Armor: Robe              |     5 |     5 |     3 ||    13
Dodge: Dodged            |    63 |    83 |    41 ||   187
Block: Other             |    13 |    35 |    16 ||    64
       Reflection        |       |     1 |     1 ||     2

Table legend: (Time is in decaauts)
 A = Elapsed time spent in this place.
 B = Non-inter-level travel time spent in this place.
 C = Inter-level travel time spent in this place.
 D = Time resting spent in this place.
 E = Time spent auto-exploring this place.
 F = Levels seen in this place.
 G = Mean time per level.
                   A        B        C        D        E       F      G
               +--------+--------+--------+--------+--------+-----+--------+
         Total |   5524 |   5448 |     76 |   1719 |   2903 |   7 |  789.1 |
       Dungeon |   5433 |   5369 |     64 |   1719 |   2846 |   6 |  905.5 |
        Temple |     91 |     80 |     11 |      0 |     57 |   1 |   91.0 |
               +--------+--------+--------+--------+--------+-----+--------+

Top non-repeatable levels by time:
     D:4: 2841 daAuts
     D:2: 1059 daAuts
     D:1: 690 daAuts
     D:5: 483 daAuts
     D:6: 331 daAuts
  Temple: 91 daAuts
     D:3: 27 daAuts
